 Dungeon Crawl Stone Soup version 0.27-a0-46-g34d46f0a3f (webtiles) character file.

Game seed: 1422631838242949981

355 Borgoz the Ruffian (level 6, -2/53 HPs)
             Began as a Ghoul Gladiator on Jan 6, 2021.
             Was an Initiate of Okawaru.
             Shot with an arrow by a centaur (13 damage)
             ... on level 4 of the Dungeon.
             The game lasted 00:03:25 (3055 turns).

Borgoz the Ruffian (Ghoul Gladiator)                Turns: 3055, Time: 00:03:25

Health: -2/53      AC:  5    Str: 20    XL:     6   Next: 63%
Magic:  6/6        EV: 13    Int:  3    God:    Okawaru [......]
Gold:   146        SH:  0    Dex: 10    Spells: 5/5 levels left

rFire    . . .     SeeInvis .     - Unarmed
rCold    + . .     Faith    .   (no shield)
rNeg     + + +     Spirit   .   a - +0 leather armour
rPois    ∞         Reflect  .   b - +1 helmet
rElec    .         Harm     .   (no cloak)
rCorr    .         Rampage  .   (no gloves)
Will     .....                  (no boots)
Stlth    +.........             (no amulet)
HPRegen  0.00/turn              (no ring)
MPRegen  0.10/turn              (no ring)

@: no status effects
A: claws 1, cold resistance 1, negative energy resistance 3, inhibited
regeneration, torment resistance, unbreathing
a: Renounce Religion


You were on level 4 of the Dungeon.
You worshipped Okawaru.
Okawaru was noncommittal.
You visited 1 branch of the dungeon, and saw 4 of its levels.

You collected 146 gold pieces.

Inventory:

Missiles
 c - 2 throwing nets (quivered)
Armour
 a - a +0 leather armour (worn)
 b - a +1 helmet (worn)
Potions
 e - 2 potions of haste
 f - 4 potions of curing {unknown}
 j - a potion of brilliance {unknown}
 l - a potion of degeneration {unknown}
 m - 2 potions of heal wounds


   Skills:
 + Level 4.4 Fighting
 - Level 1.7 Throwing
 + Level 4.2 Dodging
 + Level 5.1 Unarmed Combat
 + Level 2.0 Invocations


You had 5 spell levels left.
You didn't know any spells.
Your spell library was empty.

Dungeon Overview and Level Annotations

Branches:
Dungeon (4/15)
 Temple: D:4-7

Altars:
Okawaru
Trog
The Shining One


Innate Abilities, Weirdness & Mutations

You thrive by killing the living.
You are immune to poison.
You have sharp fingernails.
Your flesh is cold resistant. (rC+)
You are immune to negative energy. (rN+++)
You do not regenerate when monsters are visible.
You are immune to unholy pain and torment.
You can survive without breathing.


Message History

Found 13 bolts.
You barely miss the worker ant.
The worker ant bites you but does no damage.
You claw the worker ant!
The worker ant is severely wounded.
The worker ant closely misses you.
You scratch the worker ant.
The worker ant is almost dead.
The worker ant closely misses you.
You claw the worker ant!
You kill the worker ant!
Okawaru accepts your kill.
Your Invocations skill increases to level 2!
m - 2 potions of heal wounds (gained 1) 2 jackals come into view.
The jackal barks!
A centaur comes into view.
The centaur wields a +0 shortbow.
The centaur shoots an arrow.
The arrow hits you!
You die...

##############
#..........$.#
#########............#
.....................#
.....................###
...h.................._.
...h(..@.........#######
.....c######.....# .....
#.......# .... #...#####
### .....# #......#
#......# '......+
#......


You could see a centaur and 2 jackals.

Vanquished Creatures
  An ogre (D:4)
  A gnoll shaman (D:4)
  An orc wizard (D:3)
  A worker ant (D:4)
  6 gnolls
  3 adders
  3 oozes
  An adder zombie (D:4)
  An adder skeleton (D:4)
  A worm (D:2)
  A dart slug (D:3)
  3 leopard geckos (D:1)
  3 orcs (D:3)
  2 ball pythons
  2 giant cockroaches
  12 hobgoblins
  2 jackals (D:4)
  7 kobolds
  A quokka (D:2)
  7 bats
  A frilled lizard (D:1)
  8 goblins
  6 rats
74 creatures vanquished.

Notes
Turn   | Place    | Note
-------+----------+-------------------------------------------
     0 | D:1      | Borgoz the Ghoul Gladiator began the quest for the Orb.
     0 | D:1      | Reached XP level 1. HP: 17/17 MP: 0/0
   144 | D:1      | Reached XP level 2. HP: 25/25 MP: 1/1
   670 | D:1      | Reached XP level 3. HP: 30/30 MP: 2/2
  1177 | D:2      | Reached skill level 4 in Unarmed Combat
  1270 | D:2      | Reached XP level 4. HP: 30/38 MP: 3/3
  2281 | D:3      | Found an iron altar of Okawaru.
  2330 | D:3      | Reached XP level 5. HP: 42/46 MP: 4/4
  2345 | D:3      | Became a worshipper of Warmaster Okawaru
  2382 | D:2      | Found a glowing golden altar of the Shining One.
  2951 | D:4      | Reached skill level 1 in Invocations
  2988 | D:4      | Found a bloodstained altar of Trog.
  2996 | D:4      | Noticed an ogre
  3014 | D:4      | Killed an ogre
  3015 | D:4      | Reached skill level 5 in Unarmed Combat
  3015 | D:4      | Reached XP level 6. HP: 13/53 MP: 4/6
  3055 | D:4      | Shot with an arrow by a centaur

Illustrated notes

Levels and vault maps discovered:
D:1:      co_arrival_square_in_a_square_in_a_square, layout_basic, moated_statue
D:2:      lemuel_upstairs_altar, layout_basic
D:3:      layout_basic, minmay_crystal_water, okawaru_metal_pillars_1_2
D:4:      layout_basic, overflow_temple_1_default, gup_sewer_entry_pipe

Skill      XL: |  1  2  3  4  5  6 |
---------------+-------------------+-----
Dodging        | 3 4 |  4.2
Fighting       | 3 4 |  4.4
Unarmed Combat | 4 5 |  5.1
Invocations    | 1 2 |  2.0
Throwing       | |  1.7

Action                   |  1- 3 |  4- 6 || total
-------------------------+-------+-------++-------
Melee: Unarmed           |   101 |   119 ||   220
       Punch             |       |     5 ||     5
Throw: Throwing net      |       |     1 ||     1
  Use: Scroll            |       |     8 ||     8
       Potion            |       |     1 ||     1
 Stab: Sleeping          |     1 |       ||     1
Armor: Leather armour    |    20 |    23 ||    43
Dodge: Dodged            |    60 |    68 ||   128

Table legend: (Time is in decaauts)
 A = Elapsed time spent in this place.
 B = Non-inter-level travel time spent in this place.
 C = Inter-level travel time spent in this place.
 D = Time resting spent in this place.
 E = Time spent auto-exploring this place.
 F = Levels seen in this place.
 G = Mean time per level.
                   A        B        C        D        E       F      G
               +--------+--------+--------+--------+--------+-----+--------+
         Total |   3019 |   2946 |     73 |    217 |   2258 |   4 |  754.8 |
       Dungeon |   3019 |   2946 |     73 |    217 |   2258 |   4 |  754.8 |
               +--------+--------+--------+--------+--------+-----+--------+

Top non-repeatable levels by time:
     D:2: 1173 daAuts
     D:1: 1002 daAuts
     D:3: 663 daAuts
     D:4: 179 daAuts
